 Dungeon Sprint DCSS version 0.22-a0-240-g539252a (webtiles) character file.

881 Azzok the Thaumaturge (level 7, 0/36 HPs)
             Began as a Deep Elf Fire Elementalist on Feb 21, 2018.
             Was an Elder of Vehumet.
             Slain by a guardian mummy (17 damage)
             ... in the Dungeon (Sprint V: "Ziggurat Sprint").
             The game lasted 00:04:18 (687 turns).

Azzok the Thaumaturge (Deep Elf Fire Elementalist)   Turns: 687, Time: 00:04:19

Health: 0/36       AC: 25    Str: 10    XL:     7   Next: 75%
Magic:  22/22      EV: 10    Int: 22    God:    Vehumet [****..]
Gold:   0          SH:  0    Dex: 32    Spells: 25/26 levels left

rFire    . . .     SeeInvis .   K - +5 executioner's axe
rCold    . . .     Gourm    .   (shield currently unavailable)
rNeg     . . .     Faith    .   I - +15 Maxwell's patent armour {-Cast -Tele rElec MR+ rCorr}
rPois    .         Spirit   .   (no helmet)
rElec    +         Reflect  .   (no cloak)
rCorr    +         Harm     .   (no gloves)
MR       +....     NoTele   +   (no boots) Stlth ++........NoCast +
                                (no amulet)
HPRegen  0.12/turn              x - +6 ring of dexterity
MPRegen  0.18/turn              y - +6 ring of dexterity

@: mighty, agile, hasted, very quick
A: no striking features
a: Renounce Religion


You were in the Dungeon.
You worshipped Vehumet.
Vehumet was greatly pleased with you.
You were not hungry.

You visited 1 branch

Inventory:

Hand Weapons
 H - the +6 Majin-Bo {vamp, Archmagi MP+6 Int+6}
   (You found it in the Dungeon)

   It inflicts no extra harm, but heals its wielder when it wounds a living foe.
   It affects your intelligence (+6).
   It affects your magic capacity (+6).
 K - a +5 executioner's axe (weapon)
Armour
 a - a +0 robe
 I - the +15 Maxwell's patent armour (worn) {-Cast -Tele rElec MR+ rCorr}
   (You found it in the Dungeon)

   It insulates you from electricity.
   It affects your resistance to hostile enchantments.
   It prevents spellcasting.
   It prevents most forms of teleportation.
   It protects you from acid and corrosion.
 J - the +18 shield of the Gong {rElec rN+ MR+ EV-5}
   (You found it in the Dungeon)

   It affects your evasion (-5).
   It insulates you from electricity.
   It protects you from negative energy.
   It affects your resistance to hostile enchantments.
 M - a +2 robe of cold resistance
 O - the cursed +1 ring mail of Pyusk {rElec Int+3 Dex+2 SInv}
   (You took it off an iron imp in the Dungeon)

   It affects your intelligence (+3).
   It affects your dexterity (+2).
   It insulates you from electricity.
   It lets you see invisible.
   It has a curse placed upon it.
Magical Staves
 g - an uncursed staff of conjuration
 D - an uncursed staff of energy
 P - an uncursed staff of fire
 Q - an uncursed staff of air
Jewellery
 x - a +6 ring of dexterity (left hand)
 y - a +6 ring of dexterity (right hand)
 z - a +6 ring of intelligence
 A - a +6 ring of intelligence
 B - a +6 ring of strength
 C - a +6 ring of strength
 F - an uncursed ring of flight
 N - an uncursed ring of positive energy
Wands
 u - a wand of disintegration (7)
 v - a wand of iceblast (7)
 w - a wand of acid (7)
Scrolls
 h - 4 scrolls of blinking
 o - 4 scrolls of amnesia
 p - 7 scrolls of fog
 q - a scroll of holy word
 r - 5 scrolls of identify
 s - 5 scrolls of remove curse
 t - 2 scrolls of fear
 L - a scroll of brand weapon
Potions
 c - 11 potions of curing
 d - 8 potions of heal wounds
 e - 5 potions of haste
 f - 7 potions of magic
 i - 2 potions of brilliance
 j - 2 potions of invisibility
 k - 4 potions of resistance
 l - a potion of experience
 m - a potion of agility
 n - 3 potions of might
Miscellaneous
 E - a crystal ball of energy
 G - a lightning rod (4/4)
Comestibles
 b - 7 rations


   Skills:
 + Level 0.2 Fighting
 + Level 9.5 Dodging
 - Level 10.1 Stealth
 + Level 10.3 Spellcasting
 + Level 8.4 Conjurations
 + Level 9.1 Fire Magic


You had 25 spell levels left.
You knew the following spells:

 Your Spells              Type           Power        Failure   Level  Hunger
a - Flame Tongue          Conj/Fire      #####        24%         1    None


Dungeon Overview and Level Annotations

Branches:
Dungeon (1/1)

Altars:
Ashenzari
Cheibriados
Dithmenos
Elyvilon
Fedhas
Gozag
Hepliaklqana
Kikubaaqudgha
Makhleb
Nemelex Xobeh
Okawaru
Qazlal
Ru
Sif Muna
Trog
Uskayaw
Vehumet
Wu Jian
Xom
Yredelemnul
Zin
The Shining One
Beogh
Jiyva
Lugonu

Annotations:
D 1 transporter


Message History

You completely miss the guardian mummy.
The guardian mummy is lightly damaged.
The guardian mummy hits you but does no damage.
Okay, then.
You feel agile all of a sudden. The guardian mummy hits you.
Your Maxwell's patent armour prevents you from hitting the guardian mummy.
The guardian mummy is lightly damaged.
You closely miss the guardian mummy.
The guardian mummy is lightly damaged.
The guardian mummy hits you but does no damage.
The guardian mummy hits you!
* * * LOW HITPOINT WARNING * * *
You feel much better.
You feel very mighty all of a sudden. The guardian mummy hits you!
You slash the guardian mummy!
The guardian mummy is heavily damaged.
The guardian mummy hits you!
You die...

▓·)···▓·····▓··©··▓
▓··©··▓··©··▓▓▓▓▓▓▓
▓▓▓▓▓▓▓▓▓▓▓▓▓▓▓▓▓▓▓
▓··8©8···▓··8©8···▓
▓···)····▓··})[···▓
▓··=·····▓··|·[···▓
▓········▓········▓
▓········▓····M···▓
▓·▓····▓·▓·▓·@··▓·▓
▓···©····▓···©····▓
▓▓▓▓▓▓▓▓▓▓▓▓▓▓▓▓▓▓▓


You could see a guardian mummy.

Vanquished Creatures
  Sigmund (D)
  An acid dragon (shapeshifter) (D)
  A hell hound (D)
  A porcupine (D)
  A wolf (D)
  A wolf (shapeshifter) (D)
  Blork the orc (D)
  A bullfrog (D)
  2 iron imps (D)
  Jessica (D)
  2 mummies (D)
  A river rat (D)
  A bat skeleton (D)
  A bat zombie (D)
  A leopard gecko skeleton (D)
17 creatures vanquished.

Notes
Turn   | Place    | Note
-------+----------+-------------------------------------------
     0 | D        | Found the +6 Majin-Bo {vamp, Archmagi MP+6 Int+6}
     0 | D        | Found the +7 great mace "Firestarter" {inner flame, rF++}
     0 | D        | Azzok the Deep Elf Fire Elementalist began the quest for the Orb.
     0 | D        | Reached XP level 1. HP: 10/10 MP: 6/6
     0 | D        | Found a deep blue altar of Sif Muna.
     0 | D        | Found a sacrificial altar of Ru.
     0 | D        | Found a bloodstained altar of Trog.
     0 | D        | Found a stormy altar of Qazlal.
     0 | D        | Found an iron altar of Okawaru.
     0 | D        | Found a sparkling altar of Nemelex Xobeh.
     0 | D        | Found a blossoming altar of Fedhas.
     2 | D        | Found a transporter.
     2 | D        | Found an ancient bone altar of Kikubaaqudgha.
     2 | D        | Found a viscous altar of Jiyva.
     2 | D        | Found a corrupted altar of Lugonu.
     2 | D        | Found a hazy altar of Hepliaklqana.
     2 | D        | Found a burning altar of Makhleb.
     2 | D        | Found an opulent altar of Gozag.
    24 | D        | Found the +6 shillelagh "Devastator" {shatter}
    24 | D        | Found the +11 plutonium sword {*Contam Stlth-}
    24 | D        | Found the +8 lance "Wyrmbane" {slay drac, rPois rF+ rC+ AC+3}
    24 | D        | Found the +9 sword of Zonguldrok {reap}
    24 | D        | Found the cursed +13 scythe of Curses {drain, *Curse}
    24 | D        | Found the +0 sword of Power
    24 | D        | Found the +13 mace of Variability {chaos}
    24 | D        | Found the +7 Singing Sword
    24 | D        | Found the +7 longbow "Piercer" {penet, EV-2}
    25 | D        | Found the +9 heavy crossbow "Sniper" {velocity, Acc+∞ SInv}
    25 | D        | Found the +10 dark maul {crush}
    25 | D        | Found the +15 Maxwell's patent armour {-Cast -Tele rElec MR+ rCorr}
    25 | D        | Found the +18 shield of the Gong {rElec rN+ MR+ EV-5}
    25 | D        | Found the cursed +14 obsidian axe {chop, +Fly SInv *Curse}
    57 | D        | Became a worshipper of Vehumet
    89 | D        | Entered arena 2.
    89 | D        | Noticed a swamp drake
    89 | D        | Noticed an acid dragon
    89 | D        | Found a transporter.
    92 | D        | Noticed a wolf
    92 | D        | a swamp drake changed into a wolf
    94 | D        | Killed an acid dragon
    94 | D        | Reached skill level 5 in Dodging
    94 | D        | Reached skill level 5 in Stealth
    94 | D        | Reached skill level 5 in Fire Magic
    94 | D        | Reached XP level 2. HP: 15/15 MP: 7/11
    94 | D        | Reached XP level 3. HP: 19/19 MP: 7/12
    94 | D        | Reached XP level 4. HP: 24/24 MP: 8/14
    95 | D        | Killed a wolf
    95 | D        | Reached skill level 5 in Conjurations
    95 | D        | Reached XP level 5. HP: 28/28 MP: 8/16
   191 | D        | Entered arena 3.
   191 | D        | Noticed Sigmund
   191 | D        | Noticed Jessica
   191 | D        | Noticed Blork the orc
   191 | D        | Found a transporter.
   195 | D        | Killed Blork the orc
   195 | D        | Reached * piety under Vehumet
   195 | D        | Offered knowledge of Shock by Vehumet.
   207 | D        | Killed Jessica
   207 | D        | Reached XP level 6. HP: 21/32 MP: 18/18
   208 | D        | Killed Sigmund
   361 | D        | Entered arena 4.
   361 | D        | Noticed a hell hound
   361 | D        | Found a transporter.
   365 | D        | Killed a hell hound
   365 | D        | Reached ** piety under Vehumet
   365 | D        | Offered knowledge of Sandblast by Vehumet.
   365 | D        | Reached XP level 7. HP: 27/36 MP: 21/21
   380 | D        | Got the cursed +1 ring mail of Pyusk {rElec Int+3 Dex+2 SInv}
   538 | D        | Entered arena 5.
   538 | D        | Found a transporter.
   543 | D        | Offered knowledge of Mephitic Cloud by Vehumet.
   543 | D        | Reached *** piety under Vehumet
   548 | D        | Reached skill level 10 in Stealth
   548 | D        | Reached skill level 10 in Spellcasting
   668 | D        | Entered arena 6.
   668 | D        | Noticed a guardian mummy
   668 | D        | Found a transporter.
   671 | D        | Reached **** piety under Vehumet
   687 | D        | Slain by a guardian mummy

Vault maps used:
D:        sprint_v

Skill      XL: |  1  2  3  4  5  6  7 |
---------------+----------------------+-----
Dodging        | 5 6 7 8 9 |  9.5
Stealth        | 5 6 7 9 10 | 10.1
Spellcasting   | 6 7 9 10 | 10.3
Conjurations   | 4 5 6 7 8 |  8.4
Fire Magic     | 5 6 7 8 9 |  9.1
Fighting       | |  0.2

Action                   |  1- 3 |  4- 6 |  7- 9 || total
-------------------------+-------+-------+-------++-------
Melee: Executioner's axe |     4 |    12 |    29 ||    45
  Use: Potion            |     2 |     3 |     7 ||    12
Armor: Plate armour      |     9 |    38 |    40 ||    87
Dodge: Dodged            |     1 |     7 |    31 ||    39

Table legend:
 A = Spawn XP
 B = Non-spawn XP
 C = Spawn XP percentage of total XP
 D = Spawn monster count
 E = Non-spawn monster count
 F = Spawn count percentage of total count
 G = Total turns spent on level
                    A         B        C        D         E        F      G
               +---------+---------+-------+---------+---------+-------+---------
         Total |       0 |    1259 |   0.0 |       0 |      17 |   0.0 |   687
               +---------+---------+-------+---------+---------+-------+---------
             D |       0 |    1259 |   0.0 |       0 |      17 |   0.0 |   687
               +---------+---------+-------+---------+---------+-------+---------
